 Dungeon Crawl Stone Soup version 0.20.1-1-g8b1a95d (webtiles) character file.

176 exaltech the Conjurer (level 5, -7/38 HPs)
             Began as a Draconian Wizard on Nov 1, 2017.
             Killed by divine providence
             ... invoked by an orc priest
              (11 damage)
             ... on level 3 of the Dungeon.
             The game lasted 00:06:48 (3593 turns).

exaltech the Conjurer (Draconian Wizard)            Turns: 3593, Time: 00:06:49

Health: -7/38      AC:  5    Str: 10    XL:     5   Next: 30%
Magic:  0/9        EV: 12    Int: 19    God:
Gold:   167        SH:  0    Dex:  9    Spells: 7/10 levels left

rFire    . . .     SeeInvis .   u - +0 short sword
rCold    . . .     Gourm    .   (no shield)
rNeg     . . .     Faith    .   (armour unavailable)
rPois    .         Spirit   +   a - +0 hat
rElec    .         Reflect  .   (no cloak)
rCorr    .         Harm     .   (no gloves)
MR       .....                  (no boots)
Stlth    ++........             s - amulet of guardian spirit
Regen    0.2/turn               (no ring)
MPRegen  0.2/turn               (no ring)

@: no status effects
A: unfitting armour, cold-blooded, AC +5
a: no special abilities


You were on level 3 of the Dungeon.
You were hungry.

You visited 1 branch of the dungeon, and saw 3 of its levels.

You collected 167 gold pieces.

Inventory:

Hand Weapons
 h - a +0 dagger
 u - a +0 short sword (weapon)
Armour
 a - a +0 hat (worn)
Jewellery
 s - an amulet of guardian spirit (around neck)
Scrolls
 e - 2 scrolls of fog {unknown}
 i - a scroll of immolation {unknown}
 l - 2 scrolls of remove curse {unknown}
 n - a scroll of fear {unknown}
 p - a scroll of noise {unknown}
 q - 3 scrolls of identify {unknown}
 t - a scroll of amnesia {unknown}
 v - a scroll of enchant weapon {unknown}
Potions
 d - 2 potions of lignification {unknown}
 f - a potion of heal wounds {unknown}
 g - 2 potions of might {unknown}
 m - a potion of curing {unknown}
 o - a potion of agility {unknown}
 r - a potion of invisibility {unknown}
Books
 b - a book of Minor Magic

   Spells                             Type                      Level
   a - Magic Dart                     Conjuration                  1
   b - Blink                          Translocation                2
   c - Call Imp                       Summoning                    2
   d - Slow                           Hexes                        2
   e - Conjure Flame                  Conjuration/Fire             3
   f - Mephitic Cloud                 Conjuration/Poison/Air       3
Comestibles
 c - 7 bread rations
 j - 3 fruits
 k - 2 meat rations
 w - 3 chunks of flesh


   Skills:
 - Level 1.7 Dodging
 - Level 1.7 Stealth
 - Level 3.0 Spellcasting
 + Level 5.2 Conjurations
   Level 1.0 Summonings
 - Level 1.0 Translocations


You had 7 spell levels left.
You knew the following spells:

 Your Spells              Type           Power        Failure   Level  Hunger
a - Magic Dart            Conj           ###.         1%          1    None
b - Blink                 Tloc           N/A          16%         2    ##.....


Dungeon Overview and Level Annotations

Branches:
Dungeon (3/15)

Altars:
Gozag


Innate Abilities, Weirdness & Mutations

Your plain brown scales are hard. (AC +5)
You cannot fit into any form of body armour.
You are cold-blooded and may be slowed by cold attacks.


Message History

The orc priest is moderately wounded.
The orc priest hits you.
The orc priest invokes the aid of Beogh against you.
Beogh smites you!
* * * LOW HITPOINT WARNING * * *
You hit the orc priest but do no damage.
The orc priest is moderately wounded.
The orc priest misses you.
You barely miss the orc priest.
The orc priest is moderately wounded.
The orc priest hits you.
* * * LOW HITPOINT WARNING * * *
You hit the orc priest but do no damage.
The orc priest is moderately wounded.
The orc priest hits you.
You barely miss the orc priest.
The orc priest is moderately wounded.
The orc priest mumbles some strange prayers to Beogh against you.
Beogh smites you!
You die...

#.##......##.#...###..# #)#.
#.##.....<...##..####.###.#<
#.###.#########.............
#.# #.........##.###..)####.
#.# #######.#.#......#..# #.
#.# #....#.#..##..#..###.
#.######.#..#.#..##......##.
#...^.#.......#..##.#.#..#..
#####.#...o@.....##.#.#.###.
#.#)###.###.###.......#.
#.#.#.)...#.# #.#.##..#.
##'#...###.#.###.#.##..#.
#.......##.#...#.#.....#.
#.......o....#.#.###...##
#.......##.#...#.#.......
###......<##.#####.#.###.##
#........o##.### #.#.# #.##


You could see an orc priest.

Vanquished Creatures
  An orc wizard (D:3)
  A worker ant (D:3)
  5 adders
  2 oozes
  A worm (D:2)
  2 dart slugs
  2 leopard geckos
  3 orcs
  A ball python (D:1)
  13 bats
  4 goblins
  11 hobgoblins
  4 jackals (D:3)
  A quokka (D:3)
  2 frilled lizards
  3 kobolds
  4 rats
60 creatures vanquished.

Notes
Turn   | Place    | Note
-------+----------+-------------------------------------------
     0 | D:1      | exaltech the Draconian Wizard began the quest for the Orb.
     0 | D:1      | Reached XP level 1. HP: 14/14 MP: 4/4
   376 | D:1      | Reached skill level 2 in Conjurations
   376 | D:1      | Reached XP level 2. HP: 14/20 MP: 0/6
   434 | D:1      | Learned a level 2 spell: Blink
  1336 | D:2      | Reached skill level 3 in Conjurations
  1375 | D:2      | Reached XP level 3. HP: 14/26 MP: 3/7
  1967 | D:2      | Found an opulent altar of Gozag.
  2295 | D:3      | Reached XP level 4. HP: 28/33 MP: 8/8
  2459 | D:3      | Reached skill level 4 in Conjurations
  3195 | D:3      | Reached XP level 5. HP: 26/38 MP: 5/9
  3504 | D:2      | Reached skill level 5 in Conjurations
  3593 | D:3      | Killed from afar by an orc priest

Skill      XL: |  1  2  3  4  5 |
---------------+----------------+-----
Conjurations   | 2 3 4 5 |  5.2
Dodging        | |  1.7
Stealth        | |  1.7
Spellcasting   | |  3.0
Summonings     | |  1.0
Translocations | |  1.0

Action                   |  1- 3 |  4- 6 || total
-------------------------+-------+-------++-------
Melee: Unarmed           |    44 |       ||    44
       Tailslap          |    10 |     9 ||    19
       Dagger            |    42 |    89 ||   131
       Short sword       |       |    43 ||    43
 Cast: Magic Dart        |    42 |    39 ||    81
 Stab: Sleeping          |     2 |     2 ||     4
  Eat: Chunk             |     4 |     3 ||     7
       Fruit             |       |     1 ||     1
Armor: Skin              |    41 |    51 ||    92
Dodge: Dodged            |    66 |   136 ||   202
